 Dungeon Crawl Stone Soup version 0.25.1-9-gc5326a611f (webtiles) character file.

Game seed: 11126542118643327583

137201 pistachioham the Bludgeoner (level 16, -1/141 HPs)
             Began as a Minotaur Fighter on Dec 21, 2020.
             Was the Champion of Okawaru.
             Slain by a spectral wolf spider (7 damage)
             ... on level 4 of the Spider Nest on Jan 1, 2021.
             The game lasted 02:48:46 (28131 turns).

pistachioham the Bludgeoner (Minotaur Fighter)     Turns: 28131, Time: 02:48:46

Health: -1/141     AC: 17    Str: 33    XL:     16   Next: 68%
Magic:  7/7        EV: 17    Int:  6    God:    Okawaru [******]
Gold:   2627       SH:  0    Dex: 16    Spells: 14/15 levels left

rFire    + . .     SeeInvis .   a - +10 flail of the Shimmering Augurer {antimagic, rF+ Str-2 Dex+3}
rCold    . . .     Gourm    .   c - +2 kite shield
rNeg     . . .     Faith    .   Q - +6 scale mail {rPois}
rPois    +         Spirit   .   (helmet restricted)
rElec    .         Reflect  +   B - +0 cloak
rCorr    .         Harm     .   u - +1 pair of gloves {Str+3}
MR       +....                  (no boots)
Stlth    ..........             w - amulet of reflection
HPRegen  0.33/turn              V - +6 ring of strength
MPRegen  0.10/turn              N - +4 ring of evasion

@: confused, heroism, berserk cooldown, slowed, heavily drained, very slow
A: retaliatory headbutt, horns 2, blurry vision 1, frail 1, sense surroundings
1, strong 1
a: Heroism, Finesse, Renounce Religion


You were on level 4 of the Spider Nest.
You worshipped Okawaru.
Okawaru was exalted by your worship.
You were hungry.

You visited 6 branches of the dungeon, and saw 27 of its levels.
You visited the Abyss 1 time.
You also visited: Ossuary.

You collected 2702 gold pieces.
You spent 75 gold pieces at shops.

Inventory:

Hand Weapons
 a - the +10 flail of the Shimmering Augurer (weapon) {antimagic, rF+ Str-2 Dex+3}
   (You found it on level 11 of the Dungeon)

   It reduces the magical energy of the wielder, and disrupts the spells and
   magical abilities of those hit.
   Natural abilities and divine invocations are not affected.
   It affects your strength (-2).
   It affects your dexterity (+3).
   It protects you from fire.
 b - a +0 vorpal hand crossbow
 d - the +8 mace of Fragile Peace {vamp, *Slow rF++ MR+++ Str-3}
   (Okawaru gifted it to you on level 1 of the Orcish Mines)

   It inflicts no extra harm, but heals its wielder when it wounds a living foe.
   It affects your strength (-3).
   It greatly protects you from fire.
   It affects your resistance to hostile enchantments.
   It may slow you when you take damage.
 o - the +7 spear of Duty {venom, Int+3 Dex+3}
   (You found it on level 4 of the Lair of Beasts)

   It poisons the flesh of those it strikes.
   It affects your intelligence (+3).
   It affects your dexterity (+3).
 x - a +5 flail of flaming
Missiles
 K - 199 bolts
Armour
 c - a +2 kite shield (worn)
 u - a +1 pair of gloves of strength (worn)
 z - the +2 chain mail "Jiskuh" {rC- rN++ Slay+5}
   (You found it on level 4 of the Dungeon)

   It affects your accuracy and damage with ranged weapons and melee attacks
   (+5).
   It makes you vulnerable to cold.
   It greatly protects you from negative energy.
 B - a +0 cloak (worn)
 F - the +7 scale mail of Submission {Dex+3}
   (Okawaru gifted it to you on level 3 of the Spider Nest)

   It affects your dexterity (+3).
 Q - a +6 scale mail of poison resistance (worn)
 S - the +5 chain mail of Lera {*Drain Regen+ MP+9 Slay+5}
   (You found it on level 10 of the Dungeon)

   It affects your accuracy and damage with ranged weapons and melee attacks
   (+5).
   It affects your magic capacity (+9).
   It increases your rate of regeneration.
   It causes draining when unequipped.
 T - a +2 plate armour of fire resistance
 Y - a +2 chain mail of cold resistance
Jewellery
 n - an uncursed ring of positive energy
 p - an uncursed ring of protection from magic
 q - a +6 ring of dexterity
 w - an amulet of reflection (around neck)
 I - a +4 ring of protection
 N - a +4 ring of evasion (right hand)
 V - a +6 ring of strength (left hand)
Wands
 l - a wand of enslavement (9)
 A - a wand of digging (5)
 E - a wand of random effects (13)
 G - a wand of iceblast (22)
 M - a wand of flame (21) (quivered)
 W - a wand of paralysis (14)
Scrolls
 h - a scroll of silence
 k - 10 scrolls of teleportation
 r - 10 scrolls of remove curse
 s - 3 scrolls of immolation
 t - a scroll of fog
 y - 2 scrolls of fear
 C - a scroll of enchant weapon
 D - a scroll of enchant armour
 H - 14 scrolls of identify
 J - a scroll of magic mapping
 O - 3 scrolls of amnesia
 U - a scroll of brand weapon
Potions
 e - 3 potions of resistance
 g - 5 potions of brilliance
 j - 4 potions of berserk rage
 m - 2 potions of curing
 v - 5 potions of flight
 L - a potion of ambrosia
 P - 2 potions of stabbing
 R - a potion of cancellation
Miscellaneous
 Z - a lightning rod (4/4)
Comestibles
 f - 38 rations
 X - 2 chunks of flesh


   Skills:
 + Level 17.9(20.0) Fighting
 + Level 19.9(21.9) Maces & Flails
 * Level 7.9(10.6) Crossbows
 - Level 5.0(7.9) Armour
 - Level 0.4(3.5) Dodging
 - Level 16.8(19.0) Shields
 - Level 8.4(6.3) Invocations
 + Level 5.9(3.9) Evocations


You had 14 spell levels left.
You knew the following spells:

 Your Spells              Type           Power        Failure   Level  Hunger
a - Corona                Hex            #......      65%         1    ##.....

Your spell library contained the following spells:

 Spells                   Type           Power        Failure   Level  Hunger
 Foxfire                  Conj/Fire      #...         65%         1    ##.....
 Sting                    Tmut/Pois      #...         65%         1    ##.....
 Corpse Rot               Necr/Air       N/A          80%         2    ###....
 Ensorcelled Hibernation  Hex/Ice        #.....       80%         2    ###....
 Poisonous Vapours        Pois/Air       #.....       80%         2    ###....
 Slow                     Hex            #.......     80%         2    ###....
 Sublimation of Blood     Necr           #.........   80%         2    ###....
 Confusing Touch          Hex            #.......     95%         3    ####...
 Conjure Flame            Conj/Fire      #.......     95%         3    ####...
 Dazzling Flash           Conj/Hex       #.....       95%         3    ####...
 Ignite Poison            Fire/Tmut/Pois #.......     95%         3    ####...
 Inner Flame              Hex/Fire       #.......     95%         3    ####...
 Mephitic Cloud           Conj/Pois/Air  #.......     95%         3    ####...
 Portal Projectile        Hex/Tloc       #.....       95%         3    ####...
 Tukima's Dance           Hex            #.......     95%         3    ####...
 Cause Fear               Hex            #.........   100%        4    #####..
 Dispel Undead            Necr           #.......     100%        4    #####..
 Ice Form                 Ice/Tmut       #.......     100%        4    #####..
 Iskenderun's Mystic Bla  Conj/Tloc      #.......     100%        4    #####..
 Leda's Liquefaction      Hex/Erth       #.........   100%        4    #####..
 Olgreb's Toxic Radiance  Pois           #.......     100%        4    #####..
 Sticky Flame             Conj/Fire      #.......     100%        4    #####..
 Summon Lightning Spire   Summ/Air       #.......     100%        4    #####..
 Agony                    Necr           #.......     100%        5    ######.
 Bolt of Magma            Conj/Fire/Erth #.........   100%        5    ######.
 Excruciating Wounds      Chrm/Necr      #.........   100%        5    ######.
 Fireball                 Conj/Fire      #.........   100%        5    ######.
 Iskenderun's Battlesphe  Conj/Chrm      #.......     100%        5    ######.
 Silence                  Hex/Air        #.........   100%        5    ######.
 Conjure Ball Lightning   Conj/Air       #.........   100%        6    #######
 Iron Shot                Conj/Erth      #.........   100%        6    #######
 Orb of Destruction       Conj           #.........   100%        7    #######
 Spellforged Servitor     Conj/Summ      #.........   100%        7    #######
 Tornado                  Air            #.........   100%        9    #######


Dungeon Overview and Level Annotations

Branches:
Dungeon (13/15)            Temple (1/1) D:6            Lair (6/6) D:10
 Shoals (1/4) Lair:3       Spider (4/4) Lair:2        Slime (0/5) Lair:6
    Orc (2/2) D:11            Elf (0/3) Orc:2       Ossuary (visited)
 Vaults: D:13-14

Altars:
Ashenzari
Cheibriados
Dithmenos
Elyvilon
Fedhas
Gozag
Hepliaklqana
Kikubaaqudgha
Makhleb
Nemelex Xobeh
Okawaru
Qazlal
Ru
Sif Muna
Trog
Uskayaw
Vehumet
Wu Jian
Xom
Yredelemnul
Zin
The Shining One
Jiyva

Shops:
D:7 [   D:11 *}   Orc:2 %%[*

Annotations:
D:7 3 runed translucent doors, Fractals's ghost, novice DEVM
D:8 1 exclusion


Innate Abilities, Weirdness & Mutations

You reflexively headbutt those who attack you in melee.
You have a pair of horns on your head.
Scrolls take you a little longer to read.
You are frail. (-10% HP)
You passively map a small area around you.
Your muscles are strong. (Str +2)


Message History

The spectral emperor scorpion hits you but does no damage.
The spectral emperor scorpion claws you but does no damage.
The spectral emperor scorpion misses you.
The spectral wolf spider closely misses you.
The spectral wolf spider barely misses you.
You're too confused to attack without stumbling around!
Unknown command.
You're too confused to attack without stumbling around!
Unknown command.
You're too confused to move!
The spectral wolf spider misses you.
The spectral wolf spider bites you but does no damage.
The spectral wolf spider completely misses you.
The spectral wolf spider misses you. The spectral emperor scorpion hits you!
* * * LOW HITPOINT WARNING * * *
You feel drained.
* * * LOW HITPOINT WARNING * * *
The spectral emperor scorpion claws you but does no damage. x2
The spectral wolf spider hits you but does no damage.
The spectral wolf spider bites you!
You die...

.≈≈..#.......≈≈≈≈≈≈≈≈....^#.....#
.≈≈≈≈^.........≈≈#≈≈...#..#......
.≈#≈≈≈....#...#.≈≈≈....≈≈≈#.8.8.#
..≈≈≈≈≈≈≈.............≈≈≈≈#...^.#
....≈≈≈#≈≈≈..........#≈≈≈≈#.^...#
..###################..≈≈.#.8.8.#
..#............#^^..#....^#....^#
..#..#^.†.^......Z.##....##^....^
#.#...^....#....@Z..#.....#.8.8..
.^#≈...##########Z..#..#..#......
≈≈#≈≈..#, , , ,#...#.....#.###..
≈≈#≈≈≈## * , #†.†#^...≈### ##≈
≈≈###### ......'†..#...#≈#####≈.
≈≈≈≈≈≈≈# ......'...#...≈≈≈##≈≈≈≈
≈≈≈≈≈..# ^.....'.†^#...≈≈≈≈≈≈≈≈.
≈≈≈≈≈≈.# ^.....'.(^#^..≈≈≈≈≈##≈≈
#≈≈##≈≈# *......'.†##...≈≈≈#####≈


You could see 2 spectral wolf spiders and a spectral emperor scorpion.

Vanquished Creatures
  3 ghost moths
  The ghost of reptisaurus the Corrupter of Planes, a journeyman HuAK of Lugonu (Orc:2)
  Louise (Spider:2)
  7 emperor scorpions
  2 entropy weavers (Spider:3)
  2 spark wasps (Spider:4)
  4 dire elephants (Lair:6)
  An ettin (D:11)
  Fannar (Lair:1)
  10 hydras
  Harold (D:8)
  A vault guard (D:13)
  A catoblepas (Lair:6)
  An anaconda (Lair:6)
  An alligator (Shoals:1)
  A two-headed ogre (D:12)
  A death knight (D:12)
  A death yak (Lair:6)
  6 death scarabs (Spider:4)
  3 orc high priests (Orc:2)
  A soul eater (Lair:4)
  Sonja (Lair:4)
  A spectral emperor scorpion (Spider:4)
  A deep elf knight (D:13)
  2 spectral wolf spiders (Spider:4)
  2 wolf spider zombies
  12 orb spiders
  4 orc sorcerers (Orc:2)
  5 orc knights
  An ugly thing (D:11)
  14 wolf spiders
  6 black mambas
  3 moths of wrath
  3 manticores
  27 elephants
  Joseph (D:8)
  2 gargoyles
  3 torpor snails
  8 spiny frogs
  6 rime drakes
  6 spectral redbacks (Spider:4)
  A yaktaur (D:13)
  9 komodo dragons
  A redback zombie (Spider:4)
  5 demonic crawlers
  A queen bee (D:8)
  4 hornets
  33 jumping spiders
  5 trolls
  2 spectral jumping spiders (Spider:4)
  18 blink frogs
  7 spectral tarantellas (Spider:4)
  6 dream sheep (Lair:5)
  8 hippogriffs
  A tarantella zombie (Spider:4)
  2 jumping spider zombies (Spider:4)
  25 tarantellas
  2 vampires
  85 redbacks
  2 wyverns
  Eustachio (D:6)
  31 yaks
  A basilisk (Lair:6)
  A steam dragon (D:9)
  2 wargs
  3 acid dragons
  5 ice beasts
  8 water moccasins
  13 porcupines
  2 hornet zombies (Spider:4)
  17 orc warriors
  3 sky beasts
  7 ogres
  A necrophage (D:11)
  15 wolves
  22 centaurs
  16 crocodiles
  2 big kobolds
  Blork the orc (D:6)
  16 bullfrogs
  A wyvern zombie (D:10)
  A water moccasin zombie (D:6)
  4 scorpions
  2 water moccasin skeletons
  12 killer bees (D:8)
  3 howler monkeys
  4 electric eels
  5 crimson imps
  4 bullfrog zombies
  4 jellies
  5 centaur zombies
  3 human zombies (Ossuary)
  7 hounds
  A quasit (D:10)
  16 orc priests
  A bullfrog skeleton (D:7)
  21 orc wizards
  5 iguanas
  10 worker ants
  3 big kobold zombies (Ossuary)
  2 hound zombies (Ossuary)
  3 mummies (Ossuary)
  A worker ant zombie (D:5)
  19 adders
  A gnoll (D:1)
  4 shadow imps
  An ooze (D:1)
  5 adder zombies (Ossuary)
  5 worms
  3 dart slugs
  4 leopard geckos
  83 orcs
  14 bats
  8 giant cockroaches
  13 goblins
  4 hobgoblins
  11 jackals
  5 quokkas
  A ball python (D:3)
  5 frilled lizards
  5 goblin zombies (Ossuary)
  3 hobgoblin zombies (Ossuary)
  3 jackal zombies (Ossuary)
  10 kobolds
  4 kobold zombies (Ossuary)
  A leopard gecko skeleton (D:7)
  A leopard gecko zombie (D:6)
  A quokka skeleton (D:5)
  3 quokka zombies (Ossuary)
  11 rats
  2 rat zombies (Ossuary)
  2 bushes (Lair:2)
  5 plants
897 creatures vanquished.

Vanquished Creatures (others)
  7 jumping spiders
  A redback (Spider:1)
  A bush (Lair:4)
  11 fungi
  6 plants
26 creatures vanquished.

Grand Total: 923 creatures vanquished

Notes
Turn   | Place    | Note
-------+----------+-------------------------------------------
     0 | D:1      | pistachioham the Minotaur Fighter began the quest for the
                  | Orb.
     0 | D:1      | Reached XP level 1. HP: 19/19 MP: 0/0
   371 | D:1      | Upgraded the game from 0.25.1-8-g42b30a86e7 to
                  | 0.25.1-9-gc5326a611f
   589 | D:1      | Reached XP level 2. HP: 24/27 MP: 1/1
   830 | D:1      | Reached XP level 3. HP: 33/33 MP: 2/2
  1160 | D:1      | Reached skill level 3 in Maces & Flails
  1359 | D:2      | Reached XP level 4. HP: 28/40 MP: 3/3
  1817 | D:2      | Reached skill level 4 in Maces & Flails
  2115 | D:3      | Reached XP level 5. HP: 47/47 MP: 4/4
  2190 | D:3      | You fall into a shaft and drop 3 floors!
  2248 | D:6      | Noticed a centaur
  2252 | D:5      | Entered Level 5 of the Dungeon
  2289 | D:5      | Found a sand-covered staircase.
  2298 | Ossuary  | Entered an ossuary
  2312 | Ossuary  | Reached skill level 5 in Maces & Flails
  2312 | Ossuary  | Reached skill level 5 in Shields
  2342 | Ossuary  | Reached skill level 5 in Fighting
  2342 | Ossuary  | Reached XP level 6. HP: 29/56 MP: 5/5
  2691 | Ossuary  | Reached skill level 6 in Maces & Flails
  2732 | Ossuary  | Reached XP level 7. HP: 45/61 MP: 6/6
  3008 | D:4      | Reached skill level 7 in Maces & Flails
  3192 | D:3      | Found a shimmering altar of Xom.
  3835 | D:3      | Found an ornate altar of the Wu Jian Council.
  4147 | D:4      | Reached skill level 8 in Maces & Flails
  4147 | D:4      | Reached XP level 8. HP: 60/71 MP: 7/7
  4417 | D:4      | Found a snail-covered altar of Cheibriados.
  4445 | D:4      | Got a blackened chain mail
  4446 | D:4      | Identified the +2 chain mail "Jiskuh" {rC- rN++ Slay+5}
                  | (You found it on level 4 of the Dungeon)
  4964 | D:5      | Reached skill level 9 in Maces & Flails
  5026 | D:5      | Found a shadowy altar of Dithmenos.
  5308 | D:6      | Noticed Blork the orc
  5316 | D:6      | Killed Blork the orc
  5341 | D:6      | Noticed Eustachio
  5343 | D:6      | Found a staircase to the Ecumenical Temple.
  5349 | D:6      | Killed Eustachio
  5349 | D:6      | Reached skill level 10 in Maces & Flails
  5349 | D:6      | Reached XP level 9. HP: 81/81 MP: 8/8
  5361 | Temple   | Entered the Ecumenical Temple
  5429 | Temple   | Became a worshipper of Warmaster Okawaru
  5526 | D:6      | Found a shimmering blue altar of Sif Muna.
  5999 | D:7      | Found a runed translucent gate.
  6000 | D:7      | Found a runed translucent gate.
  6037 | D:7      | Found a runed translucent gate.
  6037 | D:7      | Noticed Fractals's ghost (novice DEVM)
  6077 | D:7      | Found a shattered altar of Ashenzari.
  6262 | D:7      | Reached skill level 11 in Maces & Flails
  6332 | D:7      | Found Jiupn's Antique Armour Boutique.
  6691 | D:8      | Reached * piety under Okawaru
  7014 | D:9      | Found a sacrificial altar of Ru.
  7025 | D:9      | Noticed a troll
  7045 | D:9      | Killed a troll
  7045 | D:9      | Reached skill level 5 in Armour
  7285 | D:9      | Reached XP level 10. HP: 89/91 MP: 9/9
  7359 | D:9      | Found a hide-covered altar of Uskayaw.
  7360 | D:9      | Found a radiant altar of Vehumet.
  7374 | D:8      | Noticed Joseph
  7381 | D:8      | Killed Joseph
  7381 | D:8      | Reached skill level 1 in Invocations
  7483 | D:8      | Noticed Harold
  7498 | D:8      | Killed Harold
  7498 | D:8      | Reached ** piety under Okawaru
  7498 | D:8      | Reached skill level 12 in Maces & Flails
  7735 | D:8      | Reached skill level 10 in Shields
  8209 | D:9      | Reached *** piety under Okawaru
  8248 | D:9      | Learned a level 1 spell: Corona
  8388 | D:10     | Entered Level 10 of the Dungeon
  8486 | D:10     | Reached skill level 10 in Fighting
  8489 | D:10     | Reached skill level 13 in Maces & Flails
  8579 | D:10     | Got a bloodstained chain mail
  8590 | D:10     | Identified the +5 chain mail of Lera {*Drain Regen+ MP+9
                  | Slay+5} (You found it on level 10 of the Dungeon)
  9039 | D:10     | Reached **** piety under Okawaru
  9125 | D:10     | Found a staircase to the Lair.
  9316 | D:11     | Noticed an orc knight
  9332 | D:11     | Reached XP level 11. HP: 100/100 MP: 12/12
  9511 | D:11     | Found Napiz's Gadget Shoppe.
  9569 | D:11     | Reached ***** piety under Okawaru
  9580 | D:11     | Noticed a red ugly thing
  9660 | Lair:1   | Entered Level 1 of the Lair of Beasts
  9694 | D:11     | Killed a red ugly thing
  9759 | D:11     | Received a gift from Okawaru
  9895 | D:11     | Got a jewelled flail
  9898 | D:11     | Identified the +10 flail of the Shimmering Augurer
                  | {antimagic, rF+ Str-2 Dex+3} (You found it on level 11 of
                  | the Dungeon)
  9928 | D:11     | Killed an orc knight
  9963 | D:11     | Found Fainar's Elemental Accessories.
  9987 | D:11     | Reached skill level 14 in Maces & Flails
  9987 | D:11     | Reached skill level 5 in Invocations
 10369 | D:11     | Found a staircase to the Orcish Mines.
 10754 | D:12     | Noticed a death knight
 10796 | D:12     | Killed a death knight
 10814 | D:12     | Noticed an eight-headed hydra
 10824 | D:12     | Noticed a two-headed ogre
 10929 | D:12     | Killed a two-headed ogre
 10939 | D:12     | Received a gift from Okawaru
 10943 | D:12     | Killed an eight-headed hydra
 10950 | D:12     | Reached XP level 12. HP: 73/110 MP: 6/15
 11067 | D:12     | Identified the Handbook of Mutagenic Arcane Weapons
 11494 | D:13     | Noticed a four-headed hydra
 11504 | D:13     | Killed a four-headed hydra
 11800 | D:13     | Noticed an eight-headed hydra
 11806 | D:13     | Killed an eight-headed hydra
 11806 | D:13     | Reached skill level 15 in Maces & Flails
 11939 | D:13     | Noticed a vault guard
 11947 | D:13     | Killed a vault guard
 12081 | Orc:1    | Entered Level 1 of the Orcish Mines
 12081 | Orc:1    | Noticed an ettin
 12100 | D:11     | Killed an ettin
 12123 | D:11     | Reached ****** piety under Okawaru
 12405 | Orc:1    | Received a gift from Okawaru
 12480 | Orc:1    | Got a masterwork mace {god gift}
 12481 | Orc:1    | Identified the +8 mace of Fragile Peace {vamp, *Slow rF++
                  | MR+++ Str-3} (Okawaru gifted it to you on level 1 of the
                  | Orcish Mines)
 12597 | Orc:2    | Entered Level 2 of the Orcish Mines
 12715 | Orc:2    | Found a staircase to the Elven Halls.
 12857 | Orc:2    | Found a large runed translucent door.
 12857 | Orc:2    | Found a large runed translucent door.
 12862 | Orc:2    | Noticed reptisaurus's ghost (journeyman HuAK)
 13050 | Orc:2    | Found Totac's General Store.
 13057 | Orc:2    | Noticed an orc high priest
 13057 | Orc:2    | Noticed an orc high priest
 13057 | Orc:2    | Noticed an orc high priest
 13081 | Orc:2    | Killed an orc high priest
 13335 | Orc:2    | Reached XP level 13. HP: 99/119 MP: 7/18
 13347 | Orc:2    | Found Ebaeloit's Food Shop.
 13352 | Orc:2    | Found Safo Xolus's Food Emporium.
 13404 | Orc:2    | Found Niocvuet's Armour Emporium.
 13461 | Orc:2    | Bought a potion of heal wounds for 75 gold pieces
 13677 | Orc:2    | Killed reptisaurus's ghost
 13888 | Lair:1   | Reached skill level 16 in Maces & Flails
 13973 | Lair:1   | Received a gift from Okawaru
 14113 | Lair:1   | Noticed Fannar
 14143 | Lair:1   | Killed Fannar
 14336 | Lair:1   | Received a gift from Okawaru
 14790 | Lair:2   | Gained mutation: You passively map a small area around you.
                  | [potion of mutation]
 14790 | Lair:2   | Gained mutation: Scrolls take you a little longer to read.
                  | [potion of mutation]
 14790 | Lair:2   | Gained mutation: You are frail. (-10% HP) [potion of
                  | mutation]
 14790 | Lair:2   | Gained mutation: Your muscles are strong. (Str +2) [potion
                  | of mutation]
 15186 | Lair:2   | Found a hole to the Spider Nest.
 15796 | Lair:3   | Found a staircase to the Shoals.
 15809 | Shoals:1 | Entered Level 1 of the Shoals
 16164 | Lair:4   | Reached skill level 17 in Maces & Flails
 16189 | Lair:4   | Received a gift from Okawaru
 16255 | Lair:4   | Reached XP level 14. HP: 119/119 MP: 9/19
 16484 | Lair:4   | Reached skill level 15 in Shields
 16586 | Lair:4   | Noticed Sonja
 16591 | Lair:4   | Cast into level 1 of the Abyss (Sonja)
 16640 | Lair:4   | Escaped the Abyss
 16658 | Lair:4   | Killed Sonja
 16803 | Lair:4   | Got a pitted spear
 16806 | Lair:4   | Identified the +7 spear of Duty {venom, Int+3 Dex+3} (You
                  | found it on level 4 of the Lair of Beasts)
 17149 | Lair:5   | Reached skill level 15 in Fighting
 18003 | Lair:6   | Entered Level 6 of the Lair of Beasts
 18034 | Lair:6   | Found a staircase to the Slime Pits.
 18035 | Lair:6   | Found a viscous altar of Jiyva.
 18138 | Lair:6   | Received a gift from Okawaru
 18191 | Lair:6   | Reached skill level 18 in Maces & Flails
 19697 | Lair:6   | Reached XP level 15. HP: 105/128 MP: 9/20
 19843 | Spider:1 | Entered Level 1 of the Spider Nest
 19914 | Lair:2   | Received a gift from Okawaru
 21463 | Spider:2 | Noticed Louise
 21476 | Spider:2 | Killed Louise
 21817 | Spider:2 | Reached skill level 1 in Evocations
 22115 | Spider:2 | Reached skill level 19 in Maces & Flails
 23238 | Spider:3 | Killed a ghost moth
 23981 | Spider:3 | Reached skill level 1 in Crossbows
 24095 | Spider:3 | Received a gift from Okawaru
 24096 | Spider:3 | Got an obsidian-encrusted scale mail {god gift}
 24099 | Spider:3 | Identified the +7 scale mail of Submission {Dex+3} (Okawaru
                  | gifted it to you on level 3 of the Spider Nest)
 24746 | Spider:2 | Killed a ghost moth
 25142 | Spider:4 | Entered Level 4 of the Spider Nest
 25474 | Spider:4 | Reached XP level 16. HP: 72/139 MP: 7/21
 26529 | Spider:4 | Reached skill level 5 in Crossbows
 27125 | Spider:4 | Reached skill level 5 in Evocations
 27937 | Spider:4 | Received a gift from Okawaru
 28111 | Spider:4 | HP: 6/211 [spectral emperor scorpion (11)]
 28128 | Spider:4 | HP: 7/141 [spectral wolf spider (6)]
 28131 | Spider:4 | Slain by a spectral wolf spider

Illustrated notes

Levels and vault maps discovered:
D:1:      nagdon_arrival_zigzag_paths, layout_basic
D:2:      layout_rooms
D:3:      layout_basic, lemuel_coloured_pillars_altar,
          overflow_temple_1_default, minmay_misc_feat_encased
D:4:      layout_loops_ring, lemuel_tele_altar
D:5:      layout_loops_ring, grunt_dithmenos_smoke, enter_ossuary_1,
          first_ration
D:6:      layout_rooms, minmay_temple_entry_glass, led_sif_pool, uniq_eustachio,
          uniq_blork_the_orc
D:7:      layout_gridville, lemuel_doored_altar, serial_shops, shop,
          gammafunk_ghost_necromancy
D:8:      layout_basic, david_nohive_1, grunt_ministairs_4, serial_bayou_ford_a,
          uniq_joseph, uniq_harold
D:9:      layout_loops_cross, nicolae_overflow_crystal_walls,
          chequers_temple_overflow_statue_of_worship
D:10:     layout_cave_pods, lair_entry_dummy
D:11:     layout_gridville, orc_0_dummy, serial_shops, shop_statue,
          nicolae_elemental_shop, minmay_mirror_moons_of_madness
D:12:     layout_cave_pools
D:13:     layout_basic, david_vaults_5, lightli_church_of_beogh
Temple:   eino_wide_crystal_templ
Lair:1:   layout_chaotic_city, beast_lair_carwin_1, uniq_fannar
Lair:2:   layout_misc_corridors, nicolae_spider_entry_non_spiders, wad_woods_06,
          grunt_megastairs_3
Lair:3:   layout_chaotic_city, minmay_shoals_entry_centaurs,
          infiniplex_staircase_pool_2
Lair:4:   layout_loops_ring, uniq_sonja
Lair:5:   layout_roguey, grunt_megastairs_2
Lair:6:   due_jungle_book, layout_long_grid, slime_altar_1,
          nicolae_lair_yak_garden, lemuel_fruit_tree, infiniplex_staircase_pool
Shoals:1: layout_shoals, nicolae_shoals_siren_and_animal_friends
Spider:1: layout_spider_delve, guppyfry_spider_mini_3
Spider:2: layout_spider_delve, uniq_louise
Spider:3: layout_chambers, nicolae_spider_cling_halls
Spider:4: floodkiller_spider_rune_tomb
Orc:1:    layout_diamond_mine
Orc:2:    st_orc_elflike, layout_diamond_mine, ebering_ghost_disaster_area,
          mines2_lemuel

Skill      XL: |  1  2  3  4  5  6  7  8  9 10 11 12 13 14 15 16 |
---------------+-------------------------------------------------+-----
Armour         | 4 5 |  5.0
Shields        | 4 5 6 8 9 10 11 13 14 16 | 16.8
Maces & Flails | 3 4 5 6 8 10 11 13 14 15 17 18 19 | 19.9
Fighting       | 4 5 6 7 9 10 11 12 14 15 17 | 17.9
Invocations    | 3 6 8 |  8.4
Evocations     | 4 5 |  5.9
Crossbows      | 3 7 |  7.9
Dodging        | |  0.4

Action                   |  1- 3 |  4- 6 |  7- 9 | 10-12 | 13-15 | 16-18 || total
-------------------------+-------+-------+-------+-------+-------+-------++-------
Melee: Flail             |    79 |   213 |   358 |   523 |  1078 |   350 ||  2601
       Headbutt          |     8 |    46 |    60 |   146 |   346 |   115 ||   721
       Eveningstar       |       |       |       |     5 |       |       ||     5
 Fire: Hand crossbow     |       |       |       |       |       |    24 ||    24
Throw: Boomerang         |       |       |       |     1 |     2 |       ||     3
       Dart              |       |       |       |       |     6 |       ||     6
Invok: Heroism           |       |       |       |     5 |     8 |     6 ||    19
       Finesse           |       |       |       |     1 |     1 |     1 ||     3
Evoke: Wand              |       |       |       |    11 |    17 |     4 ||    32
       Lightning rod     |       |       |       |       |     5 |       ||     5
  Use: Scroll            |       |     3 |     5 |    16 |    20 |       ||    44
       Potion            |       |       |     3 |     5 |    12 |    11 ||    31
 Stab: Petrified         |       |       |       |       |     3 |       ||     3
  Eat: Chunk             |     1 |     4 |    13 |    11 |    20 |     1 ||    50
       Ration            |       |       |     1 |     3 |     5 |     2 ||    11
Armor: Scale mail        |    48 |    71 |    39 |     3 |   188 |   178 ||   527
       Chain mail        |       |       |    59 |   147 |   145 |       ||   351
Dodge: Dodged            |    28 |    64 |    70 |   107 |   270 |   248 ||   787
Block: Kite shield       |    59 |   102 |   210 |   448 |  1165 |   562 ||  2546
       Reflection        |       |       |    13 |    40 |    19 |       ||    72
